 Dungeon Crawl Stone Soup version 0.32-a0-589-g2d1f746d5d (webtiles) character file.

Game seed: 8831173888203050130

110490 TwilightOfTheIdols the Eclecticist (level 16, -3/107 HPs)
             Began as a Pale Draconian Necromancer on Mar 2, 2024.
             Was a High Priest of Sif Muna.
             Slain by an entropy weaver (6 damage)
             ... on level 1 of the Spider Nest.
             The game lasted 00:55:24 (35614 turns).

TwilightOfTheIdols the Eclecticist (DrNe)          Turns: 35614, Time: 00:55:25

Health: -3/107     AC: 13    Str:  6    XL:     16   Next: 7%
Magic:  12/37      EV: 21    Int: 21    God:    Sif Muna [*****.]
Gold:   2380       SH:  5    Dex: 14    Spells: 31/49 levels left

rFire   + + .        M - +3 Elemental Staff {ele, rElec rF+ rC+ AC+3}
rCold   + + .        (no shield)
rNeg    + . .        (body armour unavailable)
rPois   +            O - +2 hat
rElec   +            y - +0 cloak
rCorr   .            (no gloves)
SInv    .            b - +1 pair of boots
Will    +....        K - amulet of reflection
Stlth   ++           g - ring of Qutu {Wiz rF+ rN+}
HPRegen 0.37/turn    W - ring "Xemef" {rPois rC+ EV+5 Str-5}
MPRegen 0.25/turn

%: reflection, wizardry (x1)
@: corroded, flying
A: steam breath, AC +9, unfitting armour, cold-blooded, steam resistance, big
wings, frail 2, evolution 1, persistent drain
a: Steam Breath, Renounce Religion, Channel Magic, Forget Spell, Divine Exegesis


You were on level 1 of the Spider Nest.
You worshipped Sif Muna.
Sif Muna was extremely pleased with you.
You visited 5 branches of the dungeon, and saw 24 of its levels.
You also visited: Trove and Gauntlet.

You collected 2530 gold pieces.
You spent 150 gold pieces at shops.

Inventory:

Hand Weapons
 M - the +3 Elemental Staff (weapon) {ele, rElec rF+ rC+ AC+3}
   (You found it on level 3 of the Lair of Beasts)

   AC+3:      It affects your AC (+3).
   rF+:       It protects you from fire.
   rC+:       It protects you from cold.
   rElec:     It insulates you from electricity.
Armour
 b - a +1 pair of boots (worn)
 y - a +0 cloak (worn)
 O - a +2 hat (worn)
Jewellery
 c - the ring "Olymois" {Wiz Str+4}
   (You found it in a treasure trove)

   [ring of wizardry]

   Wiz:       It improves your spell success rate.
   Str+4:     It affects your strength (+4).
 d - a ring of willpower
 g - the ring of Qutu (left hand) {Wiz rF+ rN+}
   (You acquired it on level 7 of the Dungeon)

   [ring of wizardry]

   Wiz:       It improves your spell success rate.
   rF+:       It protects you from fire.
   rN+:       It protects you from negative energy.
 j - a ring of willpower
 r - the ring "Lanwieg" {Wiz rPois}
   (You found it in a Gauntlet)

   [ring of wizardry]

   Wiz:       It improves your spell success rate.
   rPois:     It protects you from poison.
 D - a ring of wizardry
 G - the ring "Isowoc" {Fly rPois rC+ Str+3 SInv}
   (You found it in a treasure trove)

   [ring of poison resistance]

   Str+3:     It affects your strength (+3).
   rC+:       It protects you from cold.
   rPois:     It protects you from poison.
   SInv:      It lets you see invisible.
   Fly:       It grants you flight.
 K - an amulet of reflection (around neck)
 Q - a ring of see invisible
 R - the amulet "Jydek" {Faith Str+4 Dex+2}
   (You found it in a treasure trove)

   [amulet of faith]

   Faith:     It allows you to gain divine favour quickly.
   Str+4:     It affects your strength (+4).
   Dex+2:     It affects your dexterity (+2).
 S - a +4 ring of protection
 T - the ring "Wulotteo" {Fly rF- Will++ Str+4 Int+6}
   (You found it in a treasure trove)

   [ring of intelligence]

   Str+4:     It affects your strength (+4).
   Int+6:     It affects your intelligence (+6).
   rF-:       It makes you vulnerable to fire.
   Will++:    It greatly increases your willpower.
   Fly:       It grants you flight.
 U - a +6 ring of intelligence
 W - the ring "Xemef" (right hand) {rPois rC+ EV+5 Str-5}
   (You found it in a treasure trove)

   [ring of evasion]

   EV+5:      It affects your evasion (+5).
   Str-5:     It affects your strength (-5).
   rC+:       It protects you from cold.
   rPois:     It protects you from poison.
 X - a +6 ring of intelligence
 Y - the ring of Det Jeon {rCorr Str+3 Slay+4}
   (You found it in a treasure trove)

   [ring of slaying]

   Str+3:     It affects your strength (+3).
   Slay+4:    It affects your accuracy & damage with ranged weapons and melee
   (+4).
   rCorr:     It protects you from acid and corrosion.
 Z - the ring "Obaroaros" {Ice rPois rN+ Slay+3}
   (You found it in a treasure trove)

   [ring of ice]

   Ice:       It enhances your ice magic.
   Slay+3:    It affects your accuracy & damage with ranged weapons and melee
   (+3).
   rF-:       It makes you vulnerable to fire.
   rC+:       It protects you from cold.
   rPois:     It protects you from poison.
   rN+:       It protects you from negative energy.
Wands
 i - a wand of iceblast (12)
 u - a wand of paralysis (2)
 I - a wand of flame (45)
 L - a wand of polymorph (4)
 P - a wand of mindburst (1)
Scrolls
 a - a scroll of identify {@r1}
 h - 5 scrolls of blinking {@r4}
 k - 2 scrolls of enchant weapon
 m - 5 scrolls of teleportation {@r3}
 n - 5 scrolls of poison
 q - a scroll of revelation {@r5}
 s - 5 scrolls of immolation
 w - 5 scrolls of torment
 x - a scroll of butterflies
 z - a scroll of enchant armour
 A - 2 scrolls of fear
 B - a scroll of vulnerability {!r}
 E - a scroll of silence {!r}
 F - a scroll of amnesia
 V - 2 scrolls of fog {@r2}
Potions
 e - 6 potions of curing {@q2}
 f - 3 potions of heal wounds {@q1}
 l - 4 potions of might {@q3}
 o - 2 potions of attraction
 p - 2 potions of invisibility
 t - 4 potions of enlightenment
 v - 4 potions of lignification
 C - a potion of haste {@q5}
 H - 2 potions of brilliance
 J - 2 potions of mutation
 N - a potion of ambrosia


   Skills:
 + Level 10.3 Fighting
 - Level 10.0 Dodging
 - Level 2.0 Stealth
 + Level 17.0 Spellcasting
 + Level 10.2 Conjurations
 - Level 4.0 Necromancy
 - Level 4.0 Translocations
 - Level 5.0 Ice Magic
 + Level 10.3 Air Magic
 - Level 5.0 Alchemy
 - Level 10.0 Invocations


You had 31 spell levels left.
You knew the following spells:

 Your Spells              Type           Power      Damage    Failure   Level
a - Necrotise             Necr           100%       1d9       1%          1
b - Blink                 Tloc           68%        N/A       1%          2
c - Arcjolt               Conj/Air       37%        1d47      1%          5
f - Freezing Cloud        Conj/Ice/Air   44%        6-21      1%          5
i - Irradiate             Conj/Alch      24%        3d19      1%          5

Your spell library contained the following spells:

 Spells                   Type           Power      Damage    Failure   Level
 Apportation              Tloc           68%        N/A       1%          1
 Foxfire                  Conj/Fire      100%       2x1d9     1%          1
 Freeze                   Ice            100%       1d10      1%          1
 Kiss of Death            Conj/Necr      100%       2d13      1%          1
 Magic Dart               Conj           100%       1d8       1%          1
 Summon Small Mammal      Summ           68%        N/A       1%          1
 Call Imp                 Summ           34%        N/A       1%          2
 Jinxbite                 Hex            34%        N/A       1%          2
 Mercury Vapours          Alch/Air       100%       N/A       1%          2
 Static Discharge         Conj/Air       100%       3-8/arc   1%          2
 Sublimation of Blood     Necr           34%        N/A       1%          2
 Dazzling Flash           Conj/Hex       78%        N/A       1%          3
 Frozen Ramparts          Ice            100%       1d16      1%          3
 Fugue of the Fallen      Necr           34%        N/A       1%          3
 Gell's Gravitas          Tloc           34%        N/A       1%          3
 Hailstorm                Conj/Ice       66%        3d12      1%          3
 Mephitic Cloud           Conj/Alch/Air  69%        N/A       1%          3
 Ozocubu's Armour         Ice            55%        N/A       1%          3
 Stone Arrow              Conj/Erth      100%       3d13      1%          3
 Teleport Other           Tloc           34%        N/A       1%          3
 Vampiric Draining        Necr           34%        2d8       1%          3
 Volatile Blastmotes      Fire/Tloc      78%        2d16      1%          3
 Flame Wave               Conj/Fire      56%        2d13      1%          4
 Fulminant Prism          Conj/Alch      24%        3d12      1%          4
 Vhi's Electric Charge    Tloc/Air       100%       N/A       1%          4
 Animate Dead             Necr           34%        N/A       2%          4
 Dispel Undead            Necr           34%        3d15      2%          4
 Manifold Assault         Tloc           34%        N/A       2%          4
 Passage of Golubria      Tloc           34%        N/A       2%          4
 Conjure Ball Lightning   Conj/Air       37%        3x3d12    2%          6
 Call Canine Familiar     Summ           17%        N/A       4%          3
 Confusing Touch          Hex            17%        N/A       4%          3
 Inner Flame              Hex/Fire       26%        N/A       4%          3
 Passwall                 Erth           26%        N/A       4%          3
 Leda's Liquefaction      Alch/Erth      21%        N/A       4%          4
 Petrify                  Alch/Erth      42%        N/A       4%          4
 Sticky Flame             Fire/Alch      42%        2d8       4%          4
 Alistair's Intoxication  Alch           25%        N/A       4%          5
 Fireball                 Conj/Fire      28%        3d12      4%          5
 Silence                  Hex/Air        28%        N/A       4%          5
 Curse of Agony           Necr           34%        N/A       7%          5
 Summon Blazeheart Golem  Fire/Summ      26%        N/A       12%         4
 Summon Forest            Summ/Tloc      13%        N/A       16%         5
 Orb of Destruction       Conj           28%        9d9       16%         7
 Plasma Beam              Fire/Air       36%        2x1d50    24%         6
 Starburst                Conj/Fire      28%        6d9       24%         6
 Summon Mana Viper        Hex/Summ       17%        N/A       32%         5
 Dispersal                Tloc           17%        N/A       34%         6
 Maxwell's Capacitive Co  Air            37%        ∞         73%         8
 Spellforged Servitor     Conj/Summ      19%        N/A       75%         7
 Summon Cactus Giant      Summ           8%         N/A       86%         6
 Lehudib's Crystal Spear  Conj/Erth      28%        10d7      100%        8


Dungeon Overview and Level Annotations

Branches:
Dungeon (15/15)            Temple (1/1) D:4            Lair (5/5) D:10
 Shoals (0/4) Lair:2       Spider (1/4) Lair:3        Slime (0/5) Lair:5
    Orc (2/2) D:9             Elf (0/3) Orc:2        Vaults (0/5) D:13
 Depths (0/4) D:15        Gauntlet (visited)

Altars:
Ashenzari
Cheibriados
Dithmenos
Elyvilon
Fedhas
Gozag
Hepliaklqana
Kikubaaqudgha
Makhleb
Nemelex Xobeh
Okawaru
Qazlal
Ru
Sif Muna
Trog
Uskayaw
Vehumet
Wu Jian
Xom
Yredelemnul
Zin
The Shining One
Jiyva

Shops:
D:4 (   Orc:1 !   Orc:2 ==(=[

Annotations:
Spider:1 Donald


Innate Abilities, Weirdness & Mutations

You can breathe blasts of scalding, opaque steam.
Your pale cyan-grey scales are hard. (AC +9)
You cannot fit into any form of body armour.
You are cold-blooded and may be slowed by cold attacks.
You are immune to the effects of steam.
Your large and strong wings let you fly.
You are very frail. (-20% HP)
You have hidden genetic potential.
Your health recovers twice as slowly from being drained.


Message History

The orb spider is engulfed in freezing vapours.
You kill the orb spider!
Sif Muna accepts your kill.
The redback bites you but does no damage.
The redback bites you.
Donald says, "I hate getting stuck."
Your Spellcasting skill increases to level 17!
Casting: Arcjolt (mildly dangerous; 1% risk of failure)
Confirm with . or Enter, or press ? or * to list all spells.
You feel a surge of power!
Electricity surges outward!
The redback is struck by an electric surge.
The redback is moderately wounded.
Donald is struck by an electric surge!
Donald is moderately wounded.
The redback is struck by an electric surge!!
You kill the redback!
Sif Muna accepts your kill.
The redback is struck by an electric surge!!
You kill the redback!
Sif Muna accepts your kill.
The steelbarb worm is struck by an electric surge!!!
The steelbarb worm is almost dead.
You hear a faint skittering sound.
The orb spider begins to weave its threads into a brightly glowing ball.
The redback completely misses you.
Donald hits you with a +0 eveningstar!!!
* * * LOW HITPOINT WARNING * * *
The orb spider pulsates with a strange energy.
The entropy weaver points at you and mumbles some strange words.
The entropic weave corrodes you! The steelbarb worm barely misses you.
The redback bites you but does no damage.
Donald hits you with a +0 eveningstar!!
* * * LOW HITPOINT WARNING * * *
The entropy weaver hits you.
* * * LOW HITPOINT WARNING * * *
The entropy weaver hits you.
* * * LOW HITPOINT WARNING * * *
The entropy weaver hits you but does no damage.
The entropy weaver hits you.
You die...

..# ..# ...#.
.##########.....
..^§§§§§s..s.^#.
..§§.§§§........
..§§§§#.§B......
#§§§^@ss.s...
...B.#w#@#†....
... #.s#s.. .s.
. .s...s.#.. .
.......... ...
B.####....... ..
. ..^#...## .
..##)... .#.
..##.


You could see Donald (fast, strong), 2 entropy weavers, a steelbarb worm, 2 orb
spiders, a tarantella and 7 redbacks.

Vanquished Creatures
  Nikola (Spider:1)
  Jorgrun (D:15)
  Rupert (D:15)
  Kirke (Lair:4)
  A minotaur (Gauntlet)
  An ettin (D:13)
  7 centaur warriors
  4 hydras
  4 catoblepae
  An ogre mage (D:15)
  7 two-headed ogres
  6 boulder beetles
  A tengu warrior (Gauntlet)
  18 death yaks
  A deep troll earth mage (D:15)
  The ghost of Xoff the Destroyer, a novice GnCj (Lair:1)
  A spriggan berserker (Lair:1)
  4 orc high priests
  5 skeletal warriors
  A pharaoh ant (Spider:1)
  Lodul (D:11)
  2 orb spiders (Spider:1)
  A steelbarb worm (shapeshifter) (D:13)
  6 orc knights
  2 deep elf zephyrmancers (D:9)
  A deep elf pyromancer (D:15)
  4 ugly things
  4 wolf spiders
  7 manticores
  4 orc sorcerers (Orc:2)
  7 cyclopes
  8 elephants
  A moth of wrath (Lair:1)
  12 meliai
  2 kobold blastminers (Orc:2)
  7 black mambas
  A merfolk siren (Lair:2)
  An eye of devastation (Gauntlet)
  4 gargoyles
  3 cane toads
  2 unseen horrors (D:12)
  A cane toad (shapeshifter) (D:14)
  3 efreet
  A kobold demonologist (D:12)
  4 rime drakes
  14 komodo dragons
  3 yaktaurs (D:15)
  3 polar bears
  2 tengu conjurers (Gauntlet)
  2 freezing wraiths
  3 merfolk (Lair:2)
  3 hornets
  4 trolls
  5 tarantellas (Spider:1)
  A raiju (Gauntlet)
  13 blink frogs (Lair:2)
  A glass eye (Gauntlet)
  2 dream sheep (Lair:3)
  8 slime creatures
  4 spriggans (Lair:1)
  A centaur simulacrum (D:14)
  3 shadows (D:12)
  2 wraiths (D:13)
  3 culicivoras
  7 wyverns
  4 hogs (Lair:4)
  37 yaks
  3 basilisks
  3 wargs
  Eustachio (D:4)
  A golden eye (shapeshifter) (D:13)
  3 steam dragons
  Grum (D:11)
  15 vampire mosquitoes
  10 redbacks (Spider:1)
  14 water moccasins
  12 orc warriors
  A swamp drake (D:9)
  2 ice beasts
  A black bear (D:5)
  4 laughing skulls
  11 ogres
  15 wolves
  A centaur (shapeshifter) (D:15)
  A boggart (D:15)
  12 centaurs
  A kobold brigand (D:9)
  10 bullfrogs
  Blork the orc (D:9)
  A gnoll sergeant (D:9)
  8 wights
  12 killer bees
  10 howler monkeys
  A crimson imp (D:9)
  2 bombardier beetles (D:5)
  A hound (D:5)
  10 orc priests
  An iron imp (D:9)
  A gnoll bouda (D:7)
  3 sleepcaps
  10 iguanas
  20 orc wizards
  6 hell rats (Lair:3)
  11 gnolls
  14 adders
  3 shadow imps
  A white imp (D:9)
  2 ufetubi (D:5)
  5 dart slugs
  2 ribbon worms
  53 orcs
  8 bats
  8 endoplasms
  2 giant cockroaches (D:2)
  8 goblins
  5 hobgoblins
  5 quokkas
  6 ball pythons
  2 frilled lizards
  14 kobolds
  8 rats
647 creatures vanquished.

Vanquished Creatures (collateral kills)
  A cane toad (Lair:2)
  A basilisk (Lair:3)
  A hog (Lair:4)
  A water moccasin (Lair:1)
  2 wolves (Lair:2)
  2 howler monkeys (D:9)
  A gnoll (D:6)
  A shadow imp (D:6)
  5 orcs
  A hobgoblin (D:3)
  2 ball pythons
18 creatures vanquished.

Vanquished Creatures (others)
  A tarantella (Spider:1)
  A redback (Spider:1)
  An orc priest (Orc:2)
  2 ufetubi (D:7)
5 creatures vanquished.

Grand Total: 670 creatures vanquished

Notes
Turn   | Place    | Note
-------+----------+-------------------------------------------
     0 | D:1      | TwilightOfTheIdols the Draconian Necromancer began the
                  | quest for the Orb.
     0 | D:1      | Reached XP level 1. HP: 14/14 MP: 3/3
   240 | D:1      | Reached XP level 2. HP: 20/20 MP: 1/5
   669 | D:1      | Reached skill level 3 in Spellcasting
  1045 | D:1      | Reached XP level 3. HP: 26/26 MP: 4/7
  1509 | D:2      | Reached skill level 4 in Spellcasting
  1509 | D:2      | Reached XP level 4. HP: 16/33 MP: 2/10
  1825 | D:2      | Reached skill level 1 in Fighting
  1922 | D:2      | You fall into a shaft and drop 1 floor!
  2399 | D:2      | Reached XP level 5. HP: 41/41 MP: 6/11
  3519 | D:3      | Found a faded altar of an unknown god.
  3744 | D:4      | Noticed Eustachio
  4105 | D:4      | Killed Eustachio
  4106 | D:4      | Reached XP level 6. HP: 52/52 MP: 8/12
  4316 | D:4      | Found Mitehol's Firing Range.
  4992 | D:4      | Found a staircase to the Ecumenical Temple.
  5072 | D:5      | Entered Level 5 of the Dungeon
  5184 | D:5      | Noticed an ice beast
  5201 | D:5      | Killed an ice beast
  5202 | D:5      | Your scales start taking on a pale cyan-grey colour.
  5202 | D:5      | Reached XP level 7. HP: 32/60 MP: 3/13
  5202 | D:5      | Gained mutation: You are immune to the effects of steam.
                  | [Pale Draconian growth]
  5327 | D:5      | Reached skill level 5 in Fighting
  5327 | D:5      | Reached skill level 5 in Dodging
  5353 | D:5      | Reached skill level 1 in Conjurations
  5556 | D:5      | Reached skill level 1 in Alchemy
  6386 | D:5      | Found an opulent altar of Gozag.
  6386 | D:5      | Found a basalt altar of Yredelemnul.
  6491 | D:6      | Reached XP level 8. HP: 50/68 MP: 1/14
  6885 | D:6      | Found a hide-covered altar of Uskayaw.
  7913 | D:7      | Reached skill level 5 in Conjurations
  7913 | D:7      | Reached skill level 5 in Alchemy
  7919 | D:7      | Learned a level 5 spell: Irradiate
  8443 | Temple   | Entered the Ecumenical Temple
  8681 | Temple   | Became a worshipper of Sif Muna the Loreminder
  8807 | D:7      | Reached skill level 5 in Spellcasting
  8925 | D:7      | Noticed a hornet
  8929 | D:7      | Killed a hornet
  8930 | D:7      | Reached XP level 9. HP: 74/74 MP: 15/17
  8936 | D:7      | Reached skill level 6 in Spellcasting
  9130 | D:7      | Identified a scroll of acquirement
  9137 | D:7      | Acquired the ring of Qutu {Wiz rF+ rN+}
  9807 | D:8      | Reached skill level 7 in Spellcasting
 10291 | D:9      | Reached skill level 8 in Spellcasting
 10298 | D:9      | Found a staircase to the Orcish Mines.
 10514 | D:9      | Reached * piety under Sif Muna
 10516 | D:9      | Reached skill level 9 in Spellcasting
 10636 | D:9      | Noticed a troll
 10649 | D:9      | Killed a troll
 10650 | D:9      | Reached XP level 10. HP: 44/81 MP: 5/23
 10715 | D:9      | Reached skill level 10 in Spellcasting
 11074 | D:9      | Noticed Blork the orc
 11092 | D:9      | Reached ** piety under Sif Muna
 11092 | D:9      | Killed Blork the orc
 11709 | D:9      | Identified the +0 short sword of Boram {drain, rF++}
 11739 | D:9      | Noticed a five-headed hydra
 11747 | D:9      | Killed a five-headed hydra
 12334 | D:9      | Noticed a deep elf zephyrmancer
 12338 | D:9      | Killed a deep elf zephyrmancer
 12340 | D:9      | Noticed a deep elf zephyrmancer
 12352 | D:9      | Killed a deep elf zephyrmancer
 12704 | D:10     | Entered Level 10 of the Dungeon
 12719 | D:10     | Learned a level 2 spell: Blink
 12782 | D:10     | Learned a level 5 spell: Freezing Cloud
 12796 | D:10     | Noticed a two-headed ogre
 12807 | D:10     | Found an ornate altar of the Wu Jian Council.
 12808 | D:10     | Killed a two-headed ogre
 12809 | D:10     | Reached skill level 1 in Ice Magic
 12809 | D:10     | Reached skill level 1 in Air Magic
 12809 | D:10     | Reached XP level 11. HP: 66/94 MP: 19/25
 12813 | D:10     | Reached skill level 1 in Translocations
 13003 | D:10     | Found an iron altar of Okawaru.
 13089 | D:10     | Found a portal to a secret trove of treasure.
 13287 | D:10     | Noticed a death yak
 13302 | D:10     | Killed a death yak
 13412 | D:10     | Found a staircase to the Lair.
 13761 | Lair:1   | Entered Level 1 of the Lair of Beasts
 13926 | Lair:1   | Noticed a death yak
 13926 | Lair:1   | Noticed a death yak
 13926 | Lair:1   | Noticed a death yak
 13931 | Lair:1   | Noticed a death yak
 13933 | Lair:1   | Noticed a death yak
 13936 | Lair:1   | Killed a death yak
 13937 | Lair:1   | Killed a death yak
 13938 | Lair:1   | Killed a death yak
 13939 | Lair:1   | Killed a death yak
 13984 | Lair:1   | Killed a death yak
 13989 | Lair:1   | Reached skill level 5 in Air Magic
 14017 | Lair:1   | Reached *** piety under Sif Muna
 14334 | Lair:1   | Found a transporter.
 14338 | Lair:1   | Noticed a spriggan berserker
 14344 | Lair:1   | Found a transporter.
 14384 | Lair:1   | Found a bloodstained altar of Trog.
 14384 | Lair:1   | Noticed a spriggan rider
 14394 | Lair:1   | Noticed a spriggan rider
 14395 | Lair:1   | Noticed Xoff's ghost (novice GnCj)
 14528 | Lair:1   | Reached skill level 5 in Ice Magic
 14946 | D:10     | You paid a toll of 2 scrolls of acquirement to enter a
                  | treasure trove
 14947 | Trove    | Entered a treasure trove
 14955 | Trove    | Identified the amulet "Jydek" {Faith Str+4 Dex+2}
 14959 | Trove    | Identified the ring "Wulotteo" {Fly rF- Will++ Str+4 Int+6}
 14965 | Trove    | Identified the ring "Xemef" {rPois rC+ EV+5 Str-5}
 14969 | Trove    | Identified the ring of Det Jeon {rCorr Str+3 Slay+4}
 14971 | Trove    | Identified the ring "Obaroaros" {Ice rPois rN+ Slay+3}
 14973 | Trove    | Identified the ring "Olymois" {Wiz Str+4}
 14977 | Trove    | Identified the ring "Isowoc" {Fly rPois rC+ Str+3 SInv}
 15152 | Lair:2   | Found a staircase to the Shoals.
 15157 | Lair:2   | Reached XP level 12. HP: 97/105 MP: 13/26
 15480 | Lair:2   | Reached skill level 10 in Fighting
 16063 | Lair:2   | Reached skill level 10 in Dodging
 16126 | Lair:2   | Reached **** piety under Sif Muna
 16127 | Lair:2   | Reached skill level 11 in Spellcasting
 17371 | Lair:3   | Reached skill level 12 in Spellcasting
 17754 | Lair:3   | Noticed a four-headed hydra
 17762 | Lair:3   | Killed a four-headed hydra
 17918 | Lair:3   | Reached XP level 13. HP: 108/113 MP: 22/29
 18477 | Lair:3   | Found the +3 Elemental Staff {ele, rElec rF+ rC+ AC+3}
 18486 | Lair:3   | Reached skill level 13 in Spellcasting
 19231 | Lair:3   | Found a hole to the Spider Nest.
 20355 | Lair:4   | Noticed Kirke
 20365 | Lair:4   | Killed Kirke
 20366 | Lair:4   | Reached skill level 14 in Spellcasting
 20779 | Lair:4   | Acquired Maxwell's Memoranda
 20810 | Lair:5   | Entered Level 5 of the Lair of Beasts
 21060 | Lair:5   | Found a staircase to the Slime Pits.
 21061 | Lair:5   | Found a viscous altar of Jiyva.
 21294 | Lair:5   | Reached skill level 15 in Spellcasting
 21876 | Lair:5   | Reached ***** piety under Sif Muna
 22234 | Lair:5   | Reached XP level 14. HP: 120/121 MP: 28/33
 22391 | Lair:5   | Identified the +8 flail "Newtbane" {protect, rPois Str+2
                  | SInv}
 22538 | D:10     | Learned a level 5 spell: Arcjolt
 22618 | Orc:1    | Entered Level 1 of the Orcish Mines
 23011 | Orc:1    | Found Ryfacvomp's Distillery.
 23037 | Orc:1    | Bought a potion of heal wounds for 75 gold pieces
 23037 | Orc:1    | Bought a potion of heal wounds for 75 gold pieces
 23217 | Orc:1    | Reached skill level 1 in Invocations
 23358 | Orc:2    | Entered Level 2 of the Orcish Mines
 23358 | Orc:2    | Found a staircase to the Elven Halls.
 23522 | Orc:2    | Found Pamok's Jewellery Boutique.
 24736 | Orc:2    | Paralysed by an orc sorcerer for 3 turns
 24857 | Orc:2    | Paralysed by an orc sorcerer for 5 turns
 24879 | Orc:2    | Received a gift from Sif Muna
 24975 | Orc:2    | Got Sif Muna's Secrets of the Hurtful Inferno {god gift}
 24986 | Orc:2    | Found Lamoogev's Armour Boutique.
 24991 | Orc:2    | Found Poalad's Jewellery Shoppe.
 24998 | Orc:2    | Found Pyovusch's Antique Weapon Shoppe.
 25000 | Orc:2    | Found Zugoot's Jewellery Boutique.
 25085 | D:11     | Found a gate leading to a gauntlet.
 25092 | Gauntlet | Entered a Gauntlet
 25092 | Gauntlet | Found a transporter.
 25092 | Gauntlet | Found a transporter.
 25092 | Gauntlet | Found a transporter.
 25093 | Gauntlet | Found a transporter.
 25096 | Gauntlet | Found a transporter.
 25107 | Gauntlet | Found a transporter.
 25128 | Gauntlet | Found a transporter.
 25148 | Gauntlet | Found a transporter.
 25166 | Gauntlet | Found a transporter.
 25174 | Gauntlet | Found a transporter.
 25192 | Gauntlet | Found a transporter.
 25244 | Gauntlet | Found a transporter.
 25312 | Gauntlet | Gained mutation: Your health recovers twice as slowly from
                  | being drained. [potion of mutation]
 25312 | Gauntlet | Gained mutation: You are frail. (-10% HP) [potion of
                  | mutation]
 25312 | Gauntlet | Gained mutation: You have hidden genetic potential. [potion
                  | of mutation]
 25482 | Gauntlet | Identified the ring "Lanwieg" {Wiz rPois}
 26008 | D:11     | Noticed Grum
 26022 | D:11     | Killed Grum
 26357 | D:11     | Reached skill level 5 in Invocations
 26892 | D:11     | Noticed Lodul
 26900 | D:11     | Killed Lodul
 27729 | D:12     | Identified the +4 trident of the Sky {freeze, Fly rElec
                  | rPois Stlth+}
 28358 | D:12     | Reached skill level 10 in Air Magic
 28529 | D:13     | Received a gift from Sif Muna
 28561 | D:12     | Reached XP level 15. HP: 47/113 MP: 7/34
 29044 | D:13     | Reached skill level 10 in Conjurations
 29284 | D:13     | Got Eserchaf's Meditations on Unstable Spelunking
 29771 | D:13     | Found a gate to the Vaults.
 31658 | D:15     | Entered Level 15 of the Dungeon
 31681 | D:15     | Gained mutation: Your large and strong wings let you fly.
                  | [hidden potential]
 31764 | D:15     | Reached skill level 10 in Invocations
 31766 | D:15     | Noticed Jorgrun
 31774 | D:15     | Killed Jorgrun
 32194 | D:15     | Noticed Rupert
 32195 | D:15     | Paralysed by Rupert for 2 turns
 32206 | D:15     | Paralysed by Rupert for 3 turns
 32207 | D:15     | Killed Rupert
 32522 | D:15     | Reached skill level 16 in Spellcasting
 32825 | D:15     | Received a gift from Sif Muna
 32990 | D:15     | Found a staircase to the Depths.
 33722 | D:15     | Found an ornate altar of the Wu Jian Council.
 34620 | Lair:1   | Killed Xoff's ghost
 35018 | Spider:1 | Entered Level 1 of the Spider Nest
 35026 | Spider:1 | Noticed Nikola
 35358 | Spider:1 | Killed Nikola
 35359 | Spider:1 | Reached XP level 16. HP: 58/120 MP: 6/36
 35360 | Spider:1 | Noticed Donald
 35362 | Lair:3   | Gained mutation: You are very frail. (-20% HP) [mutagenic
                  | glow]
 35613 | Spider:1 | Reached skill level 17 in Spellcasting
 35614 | Spider:1 | HP: 4/107 [entropy weaver (2)]
 35614 | Spider:1 | Slain by an entropy weaver

Illustrated notes

Levels and vault maps discovered:
D:1:      dpeg_arrival_round_a, layout_basic, serial_corexii_hall,
          corexii_hall_statues_x, chequers_hall_statues_wall_a,
          corexii_hall_statues_x, chequers_serial_rivers_small_a
D:2:      layout_basic
D:3:      kb_forest_paths, layout_rooms, shapermc_ecumenical_altar_mp_highgroup,
          minmay_fractal_squares_5
D:4:      layout_basic, minmay_temple_entry_from_below_a,
          nicolae_shop_firing_range, uniq_eustachio
D:5:      layout_basic, gammafunk_temple_overflow_statue
D:6:      layout_basic, nicolae_uskayaw_dance_hall
D:7:      layout_cave_pools
D:8:      nicolae_cairo_tiling, layout_cave_pods, serial_glass, glass_columns_b,
          glass_columns_c, glass_columns_a, glass_columns_a, glass_columns_b,
          glass_columns_b, glass_columns_b, glass_columns_a, glass_columns_c,
          glass_columns_b, nrook_loot_triangle, hangedman_decor_peaks_small
D:9:      minmay_opposing_rooms, layout_cave_pools, orc_0_dummy,
          hangedman_minor_magic
D:10:     layout_basic, general_overflow_altar, mainiacjoe_overflow_alcove_1,
          david_lair_generic, trove_entry_hex_spiral
D:11:     layout_roguey, gauntlet_entry_generic, uniq_lodul, uniq_grum
D:12:     layout_loops_cross, st_stairs_1
D:13:     layout_cross, david_vaults_4, kennysheep_small_circle
D:14:     layout_irregular_city, serial_co_window_serial, co_window_paths_b,
          co_window_paths_b, co_window_corner_a, co_window_of_opportunity_a,
          co_window_corner_a, co_window_paths_c, co_window_2corner,
          co_window_of_opportunity_b, co_window_cross_4, co_window_corner_b,
          co_window_4corner_b, glass_columns_b, glass_columns_b,
          glass_columns_a, minmay_misc_feat_encased
D:15:     hellmonk_depths_entry_around_the_bend, layout_loops_corners,
          pdpol_wu_jian_five_deadly_venoms, reono_crystal_passage, uniq_rupert,
          uniq_jorgrun
Temple:   minmay_crystal_spiral_temple
Lair:1:   layout_big_grid, gammafunk_ghost_wrathful_warriors,
          serial_bayou_shore_a
Lair:2:   layout_regular_city, elwin_shoals_entry_stream, minmay_hedge_maze,
          guppyfry_lair_drakes, lemuel_fruit_fields
Lair:3:   beast_lair_carwin_large_1, layout_regular_city,
          spider_nest_entry_funnel_web, minmay_shattered_shrine
Lair:4:   layout_long_grid, beast_lair_carwin_11, uniq_kirke
Lair:5:   evilmike_catoblepas_cave, layout_cave_shapes, slime_entry_1
Spider:1: layout_spider_delve, hive_lemuel, uniq_mlioglotl, uniq_donald,
          uniq_nikola
Orc:1:    layout_caves, serial_shops, nicolae_shop_advertising_works
          [nicolae_subvault_shop_adworks], nicolae_orc_stony_grotto
Orc:2:    st_orc_elflike, layout_caves, serial_shops, shop

Skill      XL: |  1  2  3  4  5  6  7  8  9 10 11 12 13 14 15 16 |
---------------+-------------------------------------------------+-----
Stealth        | 2 |  2.0
Spellcasting   | 3 4 5 9 10 12 15 16 17 | 17.0
Dodging        | 2 3 4 5 7 8 10 | 10.0
Fighting       | 1 4 5 8 9 10 | 10.3
Conjurations   | 3 5 6 9 10 | 10.2
Alchemy        | 2 5 |  5.0
Ice Magic      | 1 5 |  5.0
Air Magic      | 1 5 6 10 | 10.3
Translocations | 4 |  4.0
Invocations    | 7 10 | 10.0
Necromancy     | |  4.0

Action                     |  1- 3 |  4- 6 |  7- 9 | 10-12 | 13-15 | 16-18 || total
---------------------------+-------+-------+-------+-------+-------+-------++-------
  Melee: Unarmed           |     4 |       |       |       |       |       ||     4
         Dagger            |       |    24 |       |       |       |       ||    24
         Tailslap          |       |     2 |    22 |    66 |    45 |     3 ||   138
         Rapier            |       |     1 |   110 |   261 |    26 |       ||   398
         Staff             |       |       |       |       |   164 |     7 ||   171
   Cast: Necrotise         |    72 |   186 |   207 |   257 |    85 |       ||   807
         Irradiate         |       |       |     5 |    25 |    23 |       ||    53
         Freezing Cloud    |       |       |       |    35 |   151 |     2 ||   188
         Blink             |       |       |       |     3 |     3 |       ||     6
         Arcjolt           |       |       |       |       |   231 |     5 ||   236
 Invoke: Channel Magic     |       |       |       |       |     2 |       ||     2
Ability: Steam Breath      |       |       |     4 |     7 |     3 |       ||    14
  Evoke: Wand              |       |       |    20 |     7 |    15 |     1 ||    43
    Use: Scroll            |       |       |    15 |     8 |    10 |       ||    33
         Potion            |       |       |       |     2 |    12 |       ||    14
   Stab: Paralysed         |       |       |    12 |    18 |    19 |       ||    49
         Distracted        |       |       |       |     1 |       |       ||     1
         Sleeping          |       |       |       |     1 |       |       ||     1
 Armour: Skin              |    23 |   103 |   238 |   373 |   344 |    32 ||  1113
  Dodge: Dodged            |    22 |    86 |   220 |   459 |   465 |    25 ||  1277
  Block: Other             |       |       |       |    85 |   107 |     6 ||   198
         Reflection        |       |       |       |     1 |    12 |       ||    13

Table legend: (Time is in decaauts)
 A = Elapsed time spent in this place.
 B = Non-inter-level travel time spent in this place.
 C = Inter-level travel time spent in this place.
 D = Time resting spent in this place.
 E = Time spent auto-exploring this place.
 F = Levels seen in this place.
 G = Mean time per level.
                   A        B        C        D        E       F      G
               +--------+--------+--------+--------+--------+-----+--------+
         Total |  35790 |  33105 |   2685 |   6403 |  22432 |  26 | 1376.5 |
       Dungeon |  22584 |  20809 |   1775 |   3694 |  14435 |  15 | 1505.6 |
        Temple |    263 |      1 |    262 |      0 |      0 |   1 |  263.0 |
          Lair |   9674 |   9114 |    560 |   2153 |   5879 |   5 | 1934.8 |
   Spider Nest |     33 |     33 |      0 |      0 |      0 |   1 |   33.0 |
  Orcish Mines |   2287 |   2201 |     86 |    400 |   1526 |   2 | 1143.5 |
         Trove |     40 |     40 |      0 |      0 |     18 |   1 |   40.0 |
      Gauntlet |    906 |    906 |      0 |    156 |    574 |   1 |  906.0 |
               +--------+--------+--------+--------+--------+-----+--------+

Top non-repeatable levels by time:
  Lair:3: 3132 daAuts
    D:15: 2521 daAuts
     D:9: 2424 daAuts
  Lair:2: 2108 daAuts
    D:14: 2046 daAuts
  Lair:5: 1658 daAuts
     D:6: 1608 daAuts
    D:12: 1575 daAuts
  Lair:1: 1575 daAuts
    D:10: 1420 daAuts
     D:1: 1398 daAuts
     D:5: 1385 daAuts
     D:3: 1325 daAuts
     D:8: 1324 daAuts
     D:2: 1264 daAuts
